 Dungeon Crawl Stone Soup version 0.27-a0-550-ge92ec0ca06 (webtiles) character file.

Game seed: 8772889021728289446

1382 rednaxela the Thaumaturge (level 8, -5/41 HPs)
             Began as a Deep Elf Conjurer on Mar 7, 2021.
             Was an Initiate of Sif Muna.
             Slain by Duvessa
             ... wielding a +0 short sword
              (10 damage)
             ... on level 5 of the Dungeon.
             The game lasted 00:13:03 (5607 turns).

rednaxela the Thaumaturge (Deep Elf Conjurer)       Turns: 5607, Time: 00:13:04

Health: -5/41      AC:  3    Str:  4    XL:     8   Next: 40%
Magic:  19/23      EV: 12    Int: 26    God:    Sif Muna [......]
Gold:   371        SH:  0    Dex: 13    Spells: 23/26 levels left

rFire    + . .     SeeInvis .   y - +5 whip of Slimy Gallantry {vamp, rF+}
rCold    . . .     Faith    .   (no shield)
rNeg     . . .     Spirit   .   a - +0 robe
rPois    .         Reflect  .   (no helmet)
rElec    .         Harm     .   (no cloak)
rCorr    .         Rampage  .   (no gloves)
Will     .....                  t - +0 pair of boots
Stlth    +.........             (no amulet)
HPRegen  0.13/turn              (no ring)
MPRegen  0.18/turn              (no ring)

@: coronaed, hasted, glowing, very quick
A: no striking features
a: Renounce Religion


You were on level 5 of the Dungeon.
You worshipped Sif Muna.
Sif Muna was noncommittal.
You visited 2 branches of the dungeon, and saw 6 of its levels.

You collected 371 gold pieces.

Inventory:

Hand Weapons
 y - the +5 whip of Slimy Gallantry (weapon) {vamp, rF+}
   (You found it on level 4 of the Dungeon)

   It inflicts no extra harm, but heals its wielder when it wounds a living foe.
   It protects you from fire.
Armour
 a - a +0 robe (worn)
 l - a +0 kite shield
   (You took it off a hobgoblin on level 2 of the Dungeon)
 t - a +0 pair of boots (worn)
   (You found it on level 3 of the Dungeon)
Jewellery
 k - a ring of ice
   (You took it off a goblin on level 2 of the Dungeon)
 u - a ring of wizardry
   (You found it on level 3 of the Dungeon)
Wands
 r - a wand of paralysis (4)
   (You found it on level 3 of the Dungeon)
 A - a wand of acid (8) {@v1}
   (You found it on level 5 of the Dungeon)
Scrolls
 b - 4 scrolls of enchant weapon {unknown}
 d - a scroll of blinking {unknown}
 e - 2 scrolls of immolation {unknown}
 f - a scroll of fog {unknown}
 g - 5 scrolls of identify {unknown}
 i - a scroll of enchant armour {unknown}
 j - 3 scrolls of teleportation {unknown}
 m - 3 scrolls of magic mapping {unknown}
 x - a scroll of random uselessness {unknown}
Potions
 c - a potion of heal wounds {unknown}
 h - a potion of haste {@q4 !q}
 n - 2 potions of magic {unknown}
 o - a potion of invisibility {unknown}
 p - 2 potions of might {unknown}
 q - 2 potions of cancellation {unknown}
 s - a potion of resistance {unknown}
 v - a potion of berserk rage {unknown}
 w - a potion of attraction {unknown}
 z - a potion of curing {unknown}


   Skills:
 - Level 2.4 Dodging
 - Level 2.4 Stealth
 + Level 9.9 Spellcasting
 + Level 9.2 Conjurations


You had 23 spell levels left.
You knew the following spells:

 Your Spells              Type           Power      Damage    Failure   Level
a - Magic Dart            Conj           100%       1d8       1%          1
b - Searing Ray           Conj           100%       3d7       1%          2

Your spell library contained the following spells:

 Spells                   Type           Power      Damage    Failure   Level
 Dazzling Flash           Conj/Hex       72%        N/A       1%          3
 Summon Small Mammal      Summ           48%        N/A       4%          1
 Call Imp                 Summ           12%        N/A       7%          2
 Fulminant Prism          Conj/Hex       18%        3d11      7%          4
 Iskenderun's Mystic Bla  Conj/Tloc      36%        2d9       7%          4
 Call Canine Familiar     Summ           12%        N/A       14%         3
 Summon Guardian Golem    Hex/Summ       12%        N/A       14%         3
 Summon Ice Beast         Ice/Summ       12%        N/A       43%         4
 Summon Lightning Spire   Summ/Air       12%        N/A       43%         4


Dungeon Overview and Level Annotations

Branches:
Dungeon (5/15)             Temple (1/1) D:5

Altars:
Cheibriados
Dithmenos
Elyvilon
Fedhas
Hepliaklqana
Makhleb
Okawaru
Qazlal
Sif Muna
Trog
Vehumet
Xom
Yredelemnul
Zin
The Shining One

Annotations:
D:5 Duvessa


Message History

You climb upwards.
Welcome back to the Dungeon!
Level annotation: Dowan, Duvessa
There is a staircase to the Ecumenical Temple here.
Unknown command.
There is an open door here.
g - 4 scrolls labelled BELEFEUKAS (gained 1)
You see here a +0 robe.
You now have 345 gold pieces (gained 9).
You now have 357 gold pieces (gained 12).
A frilled lizard comes into view.
A frilled lizard is nearby!
A frilled lizard is nearby!
A frilled lizard is nearby!
Casting: Searing Ray (safe; 1% risk of failure)
Confirm with . or Enter, or press ? or * to list all spells.
Aiming: Magic Dart (safe; 1% risk of failure)
Press: ? - help, Shift-Dir - straight line, f - frilled lizard
Aim: a frilled lizard (asleep, 0% to evade)
The magic dart hits the frilled lizard.
You kill the frilled lizard!
Magic restored.
g - 5 scrolls labelled BELEFEUKAS (gained 1)
Found a flail.
Found an escape hatch in the ceiling.
An ogre comes into view. It is wielding a +0 giant club.
The ogre shouts!
Found a stone staircase leading down.
Memorise Summon Small Mammal, consuming 1 spell level and leaving 22? [Y]es or [N]o only, please.
Memorise Summon Small Mammal, consuming 1 spell level and leaving 22?
Okay, then.
Found a stone staircase leading up.
Casting: Magic Dart (safe; 1% risk of failure)
Confirm with . or Enter, or press ? or * to list all spells.
Aiming: Searing Ray (safe; 1% risk of failure)
Press: ? - help, Shift-Dir - straight line, f - ogre
Aim: an ogre, wielding a +0 giant club (8% to evade)
The searing ray hits the ogre!
The ogre is heavily wounded. (Press . to maintain the ray.)
The searing ray hits the ogre!!
You kill the ogre!
Things that are here:
a +0 giant club; an ogre corpse
There is a stone staircase leading down here.
There is a stone staircase leading up here.
You now have 371 gold pieces (gained 14).
A - a wand of acid (8) {@v1}
Things that are here:
a +0 giant club; an ogre corpse
There is a stone staircase leading down here.
Dowan is nearby!
Dowan is nearby!
Casting: Searing Ray (safe; 1% risk of failure)
Confirm with . or Enter, or press ? or * to list all spells.
You don't know that spell.
You start waiting.
Dowan is nearby!
Casting: Searing Ray (safe; 1% risk of failure)
Confirm with . or Enter, or press ? or * to list all spells.
Aiming: Magic Dart (safe; 1% risk of failure)
Press: ? - help, Shift-Dir - straight line, f - Dowan
Aim: Dowan, wielding a +0 dagger and wearing a +0 robe (wandering, hasn't noticed you, 0% to evade)
The magic dart hits Dowan!
Dowan is moderately wounded.
Dowan shouts!
You hear a shout!
Dowan says, "Stay away from my face!"
Dowan gestures at you while chanting.
You easily resist.
Dowan points at you and mumbles some strange words.
You are outlined in light.
Duvessa shouts!
Duvessa misses you.
You closely miss Duvessa. Duvessa barely misses you.
Casting: Magic Dart (safe; 1% risk of failure)
Confirm with . or Enter, or press ? or * to list all spells.
Aiming: Searing Ray (safe; 1% risk of failure)
Press: ? - help, Shift-Dir - straight line, f/p - Dowan
Aim: Dowan, wielding a +0 dagger and wearing a +0 robe (moderately wounded, 24% to evade)
The searing ray misses Duvessa.
The searing ray hits Dowan!
Dowan is severely wounded. (Press . to maintain the ray.)
The searing ray hits Duvessa!
Duvessa is moderately wounded.
The searing ray hits Dowan!
You kill Dowan!
Duvessa screams in rage.
Duvessa goes berserk!
Duvessa hits you with a +0 short sword!
* * * LOW HITPOINT WARNING * * *
Duvessa hits you with a +0 short sword!
* * * LOW HITPOINT WARNING * * *
The searing ray hits Duvessa.
Duvessa is moderately wounded.
Duvessa hits you with a +0 short sword!
* * * LOW HITPOINT WARNING * * *
Okay, then.
Okay, then.
It was a potion of haste.
You feel yourself speed up. Duvessa hits you with a +0 short sword!
You die...

#......###. ###### #####<## ##
.....### ##### ##### ##.###.
####.#.###...#####...# #..#.#
####.....#...........# #.....
#......#.#...#####...# ###.##
#.##.)......## ####.#### #.#
#<##.#.#.#### #.......# ##.##
.....###.# #@##.##.# #...#
#.##.....# #e##....# #...#
#...############)####..# #.).#
##.#.##.......##.......######...#
#.###.#.......##......###........
##.#.##............#...........).
##.###.......##......#.#........
#.# #.......##...##.#.#####...#
#)# #.......###.##..#.# #...#


You could see Duvessa (berserk).

Vanquished Creatures
  An ice beast (D:5)
  4 ogres
  A phantom (D:4)
  Dowan (D:5)
  2 howler monkeys
  2 bullfrog skeletons (D:5)
  A gnoll shaman (D:4)
  2 orc priests
  4 hounds
  4 worker ants
  An iguana (D:5)
  6 orc wizards
  A howler monkey zombie (D:5)
  3 gnolls (D:4)
  5 adders
  An ooze (D:1)
  An adder skeleton (D:5)
  An adder zombie (D:5)
  A worm (D:3)
  7 dart slugs
  5 leopard geckos
  22 orcs
  2 giant cockroaches (D:3)
  7 goblins
  8 hobgoblins
  2 jackals (D:1)
  7 kobolds
  2 quokkas
  4 bats
  5 frilled lizards
  16 rats
129 creatures vanquished.

Notes
Turn   | Place    | Note
-------+----------+-------------------------------------------
     0 | D:1      | rednaxela the Deep Elf Conjurer began the quest for the
                  | Orb.
     0 | D:1      | Reached XP level 1. HP: 10/10 MP: 6/6
   123 | D:1      | Reached XP level 2. HP: 10/15 MP: 2/8
   252 | D:1      | Learned a level 2 spell: Searing Ray
   521 | D:1      | Reached skill level 4 in Spellcasting
   595 | D:1      | Reached XP level 3. HP: 19/19 MP: 7/10
   630 | D:1      | Reached skill level 5 in Conjurations
  1199 | D:2      | Reached XP level 4. HP: 11/24 MP: 8/12
  1377 | D:2      | Reached skill level 5 in Spellcasting
  1922 | D:3      | Reached XP level 5. HP: 28/28 MP: 11/14
  2089 | D:3      | Reached skill level 6 in Conjurations
  2438 | D:3      | Reached skill level 6 in Spellcasting
  3020 | D:3      | Found a stormy altar of Qazlal.
  3112 | D:4      | Noticed a phantom
  3126 | D:4      | Killed a phantom
  3127 | D:4      | Reached XP level 6. HP: 20/32 MP: 7/17
  3480 | D:4      | Reached skill level 7 in Spellcasting
  3480 | D:4      | Reached skill level 7 in Conjurations
  3798 | D:4      | Reached XP level 7. HP: 36/36 MP: 14/19
  4041 | D:4      | Reached skill level 8 in Spellcasting
  4268 | D:4      | Identified the +5 whip of Slimy Gallantry {vamp, rF+}
  4344 | D:5      | Entered Level 5 of the Dungeon
  4361 | D:5      | Reached skill level 8 in Conjurations
  4564 | D:5      | Reached skill level 9 in Spellcasting
  4567 | D:5      | Reached XP level 8. HP: 41/41 MP: 17/23
  4896 | D:5      | Noticed Duvessa
  4896 | D:5      | Noticed Dowan
  5111 | D:5      | Found a staircase to the Ecumenical Temple.
  5145 | D:5      | Reached skill level 9 in Conjurations
  5166 | Temple   | Entered the Ecumenical Temple
  5259 | Temple   | Became a worshipper of Sif Muna the Loreminder
  5605 | D:5      | Killed Dowan
  5607 | D:5      | Slain by Duvessa

Illustrated notes

Levels and vault maps discovered:
D:1:      dpeg_arrival_round_a, layout_rooms, minmay_rat_gold_closets
D:2:      layout_rooms
D:3:      minmay_wonky_spiral, layout_loops_ring, marbit_many_paths,
          minmay_misc_feat_plants
D:4:      layout_rooms, kennysheep_generic_room_16
D:5:      layout_loops_cross, temple_green, uniq_duvessa
Temple:   zaba_magenta_temple

Skill      XL: |  1  2  3  4  5  6  7  8 |
---------------+-------------------------+-----
Spellcasting   | 4 5 6 7 9 |  9.9
Conjurations   | 5 6 7 8 9 |  9.2
Dodging        | |  2.4
Stealth        | |  2.4

Action                   |  1- 3 |  4- 6 |  7- 9 || total
-------------------------+-------+-------+-------++-------
Melee: Unarmed           |     1 |       |       ||     1
       Short sword       |       |     6 |       ||     6
       Whip              |       |       |     9 ||     9
 Cast: Magic Dart        |    58 |    83 |    19 ||   160
       Searing Ray       |     2 |    24 |    22 ||    48
  Use: Potion            |       |       |     1 ||     1
 Stab: Sleeping          |       |     1 |     1 ||     2
Armor: Robe              |       |     5 |     2 ||     7
Dodge: Dodged            |     3 |    31 |    16 ||    50

Table legend: (Time is in decaauts)
 A = Elapsed time spent in this place.
 B = Non-inter-level travel time spent in this place.
 C = Inter-level travel time spent in this place.
 D = Time resting spent in this place.
 E = Time spent auto-exploring this place.
 F = Levels seen in this place.
 G = Mean time per level.
                   A        B        C        D        E       F      G
               +--------+--------+--------+--------+--------+-----+--------+
         Total |   5609 |   5346 |    263 |    428 |   4111 |   6 |  934.8 |
       Dungeon |   5498 |   5286 |    212 |    428 |   4054 |   5 | 1099.6 |
        Temple |    110 |     59 |     51 |      0 |     57 |   1 |  110.0 |
               +--------+--------+--------+--------+--------+-----+--------+

Top non-repeatable levels by time:
     D:3: 1424 daAuts
     D:1: 1191 daAuts
     D:4: 1112 daAuts
     D:5: 1104 daAuts
     D:2: 665 daAuts
  Temple: 110 daAuts
